 Dungeon Crawl Stone Soup version 0.28-a0-511-gcc94558de3 (webtiles) character file.

Game seed: 4052477305043317420

96854 robertstho the Eclecticist (level 16, -24/116 HPs)
             Began as a Djinni Fire Elementalist on Sept 21, 2021.
             Was the Champion of Makhleb.
             Annihilated by a bunyip (48 damage)
             ... on level 3 of the Swamp.
             The game lasted 01:27:14 (40765 turns).

robertstho the Eclecticist (DjFE)                  Turns: 40765, Time: 01:27:15

Health: -24/116    AC: 12    Str: 10    XL:     16   Next: 68%
Gold:   3459       EV: 11    Int: 21    God:    Makhleb [******] SH:  0 Dex: 14

rFire   + + +      SeeInvis +   W - +9 spear of Ugiukipt {freeze, rF+ rCorr}
rCold   x . .      Faith    .   (no shield)
rNeg    . . .      Spirit   .   k - +0 scale mail of Gozag's Hatred {rF++}
rPois   ∞          Reflect  .   H - +0 helmet
rElec   .          Harm     .   f - scarf {repulsion}
rCorr   +          Rampage  .   I - +0 pair of gloves
Will    +....                   (boots unavailable)
Stlth   +.........              U - amulet of regeneration
HPRegen 1.29/turn               P - ring of see invisible
MPRegen 0.00/turn               n - ring of resist corrosion

@: flying, very slightly contaminated, repel missiles
A: sickness immunity, fire resistance 2, cold vulnerability 1, float, innate
caster, hp casting, extra vitality 1
a: Renounce Religion, Minor Destruction, Lesser Servant of Makhleb, Major
Destruction, Greater Servant of Makhleb


You were on level 3 of the Swamp.
You worshipped Makhleb.
Makhleb was exalted by your worship.
You visited 6 branches of the dungeon, and saw 25 of its levels.
You also visited: Bailey and Volcano.

You collected 6259 gold pieces.
You spent 2800 gold pieces at shops.

Inventory:

Hand Weapons
 b - a +0 demon trident of flaming
 m - the +4 lajatang of the Saving Pariah {protect, Stlth+}
   (You acquired it on level 4 of the Lair of Beasts)

   It grants its wielder temporary protection when it strikes (+7 to AC).
   Stlth:     It makes you more stealthy.
 W - the +9 spear of Ugiukipt (weapon) {freeze, rF+ rCorr}
   (You found it on level 2 of the Swamp)

   It freezes those it strikes, dealing additional cold damage.
   It can also slow down cold-blooded creatures.
   rF:        It protects you from fire.
   rCorr:     It protects you from acid and corrosion.
Missiles
 E - 4 throwing nets
Armour
 f - a scarf of repulsion (worn)
 k - the +0 scale mail of Gozag's Hatred (worn) {rF++}
   (You found it on level 7 of the Dungeon)

   rF:        It greatly protects you from fire.
 H - a +0 helmet (worn)
 I - a +0 pair of gloves (worn)
Jewellery
 e - a ring of wizardry
 n - a ring of resist corrosion (right hand)
 r - an amulet of reflection
 D - a +4 ring of protection
 F - a ring of protection from cold
 O - a ring of willpower
 P - a ring of see invisible (left hand)
 U - an amulet of regeneration (around neck)
 V - a ring of willpower
 Y - a ring of ice
Wands
 s - a wand of digging (23)
 w - a wand of mindburst (7)
 C - a wand of iceblast (29)
 N - a wand of charming (10)
Scrolls
 a - 2 scrolls of enchant armour
 c - 4 scrolls of teleportation
 d - a scroll of enchant weapon
 p - a scroll of immolation
 v - 3 scrolls of fog
 G - a scroll of torment
 J - a scroll of blinking
 K - 2 scrolls of magic mapping
 Q - 5 scrolls of identify
 R - 2 scrolls of silence
 S - 2 scrolls of fear
 Z - a scroll of brand weapon
Potions
 g - 3 potions of mutation
 j - 5 potions of brilliance
 l - 7 potions of might
 o - a potion of ambrosia
 q - 3 potions of haste
 x - a potion of invisibility
 z - a potion of cancellation
 B - 2 potions of curing
 M - 3 potions of lignification


   Skills:
 * Level 11.3 Fighting
 + Level 3.0(3.4) Short Blades
 + Level 2.1(2.9) Long Blades
 + Level 2.1 Staves
 * Level 13.0 Armour
 + Level 6.2 Dodging
 + Level 3.9 Stealth
 + Level 0.4 Shields
 + Level 15.0 Spellcasting
 * Level 10.0 Invocations
 + Level 1.7 Evocations


You had 6 spell levels left.
You knew the following spells:

 Your Spells              Type           Power      Damage    Failure   Level
a - Foxfire               Conj/Fire      100%       2x1d9     1%          1
b - Scorch                Fire           100%       2d10      1%          2
c - Conjure Flame         Conj/Fire      68%        6-21      1%          3
d - Inner Flame           Hex/Fire       68%        N/A       1%          3
e - Flame Wave            Conj/Fire      68%        3d12      1%          4
f - Summon Small Mammal   Summ           100%       N/A       1%          1
g - Static Discharge      Conj/Air       68%        N/A       1%          2
h - Frozen Ramparts       Ice            100%       1d12      1%          3
i - Summon Ice Beast      Ice/Summ       68%        N/A       1%          4
j - Metabolic Englaciati  Hex/Ice        34%        N/A       1%          5
k - Fireball              Conj/Fire      34%        3d14      1%          5
l - Dispersal             Tloc           34%        N/A       4%          6
Your spell library was empty.

Dungeon Overview and Level Annotations

Branches:
Dungeon (12/15)            Temple (1/1) D:6            Lair (6/6) D:8
  Swamp (3/4) Lair:4        Snake (0/4) Lair:4        Slime (0/5) Lair:6
    Orc (2/2) D:9             Elf (1/3) Orc:2        Bailey (visited)
Volcano (visited)

Altars:
Ashenzari
Cheibriados
Dithmenos
Elyvilon
Fedhas
Gozag
Hepliaklqana
Kikubaaqudgha
Makhleb
Nemelex Xobeh
Okawaru
Qazlal
Ru
Sif Muna
Trog
Uskayaw
Vehumet
Wu Jian
Xom
Yredelemnul
Zin
The Shining One
Beogh
Jiyva

Shops:
D:8 (=   D:10 *   Orc:2 =?[?

Portals:
Pandemonium: Orc:2

Annotations:
D:3 3 runed translucent doors, bande's ghost, amateur GrFi
D:6 3 runed translucent doors, Thamoo's ghost, novice MiFi


Innate Abilities, Weirdness & Mutations

You are immune to sickness and miasma.
You are immune to poison.
Your flesh is very heat resistant. (rF++)
You are vulnerable to cold. (rC-)
You float through the air rather than walking.
You learn spells naturally, not from books.
Your magical power is your life essence.
You have superior vitality. (+4 HP)


Message History

The flame wave engulfs the bunyip!
The bunyip is moderately wounded. (Press . to intensify the flame waves.)
The bunyip closely misses you. The bunyip claws you!!
The bunyip barely misses you.
A swamp drake comes into view.
The alligator puts on a burst of speed! x2
A wave of flame ripples out!
The flame wave engulfs the bunyip!!
The bunyip is heavily wounded.
The mangrove smoulders and burns.
The flame wave engulfs the alligator!
The alligator is moderately wounded.
The alligator is engulfed in blazing flames.
Unknown command.
A wave of flame ripples out!
The flame wave engulfs the alligator!!
The alligator is severely wounded.
The flame wave engulfs the bunyip!
The bunyip is severely wounded.
The flame wave engulfs the bog body!
The bog body resists.
The bog body is moderately damaged.
The flame wave engulfs the alligator!
The alligator is moderately wounded.
The mangrove smoulders and burns.
You finish channelling waves of flame.
The alligator is engulfed in a cloud of scalding steam.
The alligator bites you.
The alligator tail-slaps you but does no damage.
The swamp drake breathes poison at you.
The alligator is engulfed in a cloud of scalding steam. x2
The alligator bites you! The alligator tail-slaps you!
The alligator is engulfed in a cloud of scalding steam.
The alligator bites you!!
* * * LOW HITPOINT WARNING * * *
The alligator tail-slaps you!
* * * LOW HITPOINT WARNING * * *
Found a scroll of torment.
You feel much better.
The bunyip is engulfed in a cloud of scalding steam.
The bunyip claws you!!
* * * LOW HITPOINT WARNING * * *
The bunyip barely misses you. The bunyip claws you!!!
You die...

♣ ♣.♣≈. ♣ ♣♣......≈..$ ♣♣
≈...§....≈. .♣♣ ♣≈≈≈.≈?..≈.
≈≈♣ ♣♣..≈...≈$.. .♣♣
♣§.§.§...≈≈≈ ≈♣ ♣§.§°t.§≈≈..
≈♣♣ ♣§§§txn○♣.?. ≈≈♣
♣♣♣≈§t@§○☼○.# ≈.♣
♣♣♣♣t≈§§§☼○§§..# ≈.♣
♣♣♣..≈..≈§§○§§☼..#
≈.♣♣♣♣...≈≈≈.≈§§§§§§...#
.≈♣♣>§.≈§≈≈≈≈....≈♣♣..#...
.≈≈.≈≈≈≈..≈....≈♣≈≈≈..#...
≈.≈≈♣≈≈≈≈≈♣♣≈≈≈≈≈k....#.. .
≈...≈....♣♣♣.≈≈≈≈≈≈....###.+
§...≈≈..♣♣ ♣≈≈≈≈...........


You could see a bunyip (strong, catching breath), 3 alligators, a bog body and a
swamp drake (catching breath).

Vanquished Creatures
  A ghoul (Swamp:2)
  2 eleionomae
  A bunyip (Swamp:1)
  A fire dragon (Volcano)
  12 hydras
  3 alligators
  6 orc high priests (Orc:2)
  A spriggan berserker (Swamp:2)
  Urug (D:10)
  Sonja (Lair:3)
  A deep elf knight (Elf:1)
  2 goliath frogs
  A gelid demonspawn (Orc:2)
  An infernal demonspawn (Orc:2)
  A bog body (Swamp:1)
  4 swamp dragons
  A deep elf archer (Elf:1)
  A spriggan druid (Swamp:3)
  A torturous demonspawn (Orc:2)
  Pikel (D:4)
  7 orc knights
  A phantasmal warrior (D:12)
  4 deep elf pyromancers (Elf:1)
  A deep elf zephyrmancer (Elf:1)
  7 orc sorcerers
  2 cyclopes
  6 black mambas
  20 elephants
  A rust devil (Orc:2)
  4 torpor snails (Lair:5)
  An orange demon (Orc:2)
  A gargoyle (D:10)
  Maggie (D:6)
  8 komodo dragons
  3 rime drakes
  20 cane toads
  2 kobold demonologists (D:12)
  A yaktaur (D:12)
  10 tyrant leeches
  2 bloated husks
  7 hornets
  3 trolls
  A polar bear (Lair:5)
  7 dream sheep (Lair:6)
  19 blink frogs
  A wraith (D:9)
  3 shadows
  4 spriggans
  36 yaks
  6 wyverns
  2 fire bats (Volcano)
  6 basilisks
  A chaos spawn (Orc:2)
  3 steam dragons
  11 vampire mosquitoes
  2 wargs (Orc:2)
  A neqoxec (Orc:2)
  5 nagas (Lair:4)
  10 swamp worms
  18 water moccasins
  4 black bears
  An ice beast (D:6)
  42 orc warriors
  4 necrophages
  29 wolves
  14 ogres
  4 centaurs
  A phantom (D:5)
  3 kobold brigands
  4 lemures
  18 bullfrogs
  A scorpion (D:5)
  A wyvern skeleton (D:6)
  3 water moccasin skeletons
  11 killer bees
  4 wights (D:9)
  4 electric eels
  A bullfrog zombie (D:5)
  3 centaur zombies
  6 lava snakes (Volcano)
  2 hounds
  2 gnoll shamans (D:9)
  38 orc priests
  2 bullfrog skeletons (D:4)
  2 jellies
  2 centaur skeletons (D:4)
  4 iguanas
  26 orc wizards
  14 hell rats
  A hound skeleton (D:5)
  Robin (D:4)
  2 howler monkey zombies
  16 gnolls
  2 howler monkey skeletons
  7 adders
  A shadow imp (D:7)
  4 ufetubi
  2 worms
  An adder skeleton (D:4)
  6 dart slugs
  98 orcs
  5 endoplasms
  A giant cockroach (D:1)
  11 goblins
  9 hobgoblins
  5 quokkas
  5 ball pythons
  4 bats
  2 frilled lizards (D:2)
  13 kobolds
  A bush (Lair:6)
738 creatures vanquished.

Vanquished Creatures (collateral kills)
  A boulder beetle (D:11)
  A hell hog (Volcano)
  A manticore (D:12)
  A rust devil (Orc:2)
  2 molten gargoyles (Volcano)
  2 red devils (Orc:2)
  A blink frog (Lair:6)
  A dream sheep (Lair:6)
  3 yaks (Lair:3)
  A wyvern (Lair:3)
  2 basilisks
  A vampire mosquito (Lair:6)
  4 hell hounds
  An orc (Orc:2)
  5 foxfires
27 creatures vanquished.

Vanquished Creatures (others)
  504 foxfires
  62 fungi
  156 plants
722 creatures vanquished.

Grand Total: 1487 creatures vanquished

Notes
Turn   | Place    | Note
-------+----------+-------------------------------------------
     0 | D:1      | robertstho the Djinni Fire Elementalist began the quest for
                  | the Orb.
     0 | D:1      | Reached XP level 1. HP: 15/15 MP: 0/0
   170 | D:1      | Reached XP level 2. HP: 17/21 MP: 0/0
   602 | D:1      | Reached skill level 1 in Fighting
   712 | D:1      | Found a faded altar of an unknown god.
  1279 | D:2      | Reached XP level 3. HP: 25/27 MP: 0/0
  1279 | D:2      | Learned a level 1 spell: Summon Small Mammal
  1448 | D:2      | Reached skill level 3 in Spellcasting
  1602 | D:2      | Reached skill level 1 in Armour
  1739 | D:2      | Reached XP level 4. HP: 23/32 MP: 0/0
  2199 | D:2      | You are sucked into a shaft and drop 1 floor!
  2751 | D:3      | Found a shadowy altar of Dithmenos.
  2802 | D:3      | Found a runed translucent gate.
  2802 | D:3      | Found a runed translucent gate.
  2802 | D:3      | Found a runed translucent gate.
  2804 | D:3      | Noticed bande's ghost (amateur GrFi)
  3590 | D:3      | Found a bloodstained altar of Trog.
  3879 | D:4      | Reached XP level 5. HP: 33/38 MP: 0/0
  3879 | D:4      | Learned a level 2 spell: Static Discharge
  4722 | D:4      | Noticed an ogre
  4723 | D:4      | Reached XP level 6. HP: 39/43 MP: 0/0
  4729 | D:4      | Killed an ogre
  4730 | D:4      | Reached skill level 4 in Spellcasting
  4933 | D:4      | Noticed Pikel
  5278 | D:4      | Reached XP level 7. HP: 38/49 MP: 0/0
  5278 | D:4      | Learned a level 3 spell: Frozen Ramparts
  5458 | D:4      | Killed Pikel
  5459 | D:4      | Reached skill level 5 in Spellcasting
  5459 | D:4      | Reached XP level 8. HP: 28/56 MP: 0/0
  6012 | D:4      | Noticed Robin
  6016 | D:4      | Killed Robin
  6435 | D:5      | Entered Level 5 of the Dungeon
  6443 | D:5      | Noticed a wyvern
  6451 | D:5      | Killed a wyvern
  6511 | D:5      | Reached skill level 6 in Spellcasting
  7057 | D:5      | Reached skill level 1 in Short Blades
  7158 | D:5      | Reached XP level 9. HP: 51/62 MP: 0/0
  7158 | D:5      | Learned a level 4 spell: Summon Ice Beast
  7932 | D:6      | Reached skill level 7 in Spellcasting
  8030 | D:6      | Noticed Maggie
  8039 | D:6      | Killed Maggie
  8307 | D:6      | Found a broken altar of Ashenzari.
  8826 | D:7      | Identified the +0 scale mail of Gozag's Hatred {rF++}
  8940 | D:7      | Reached skill level 5 in Fighting
  8940 | D:7      | Reached XP level 10. HP: 36/70 MP: 0/0
  9313 | D:7      | Found a basalt altar of Yredelemnul.
  9317 | D:7      | Reached skill level 5 in Armour
  9317 | D:7      | Reached skill level 8 in Spellcasting
  9835 | D:6      | Noticed Thamoo's ghost (novice MiFi)
 10039 | D:6      | Found a runed translucent gate.
 10039 | D:6      | Found a runed translucent gate.
 10039 | D:6      | Found a runed translucent gate.
 10061 | D:6      | Found a staircase to the Ecumenical Temple.
 10174 | Temple   | Entered the Ecumenical Temple
 10304 | Temple   | Became a worshipper of Makhleb the Destroyer
 10676 | D:8      | Reached skill level 1 in Invocations
 11355 | D:8      | Found Hujar's Jewellery Shoppe.
 11405 | D:8      | Reached skill level 9 in Spellcasting
 11406 | D:8      | Reached XP level 11. HP: 48/76 MP: 0/0
 11406 | D:8      | Learned a level 5 spell: Metabolic Englaciation
 11410 | D:8      | Reached * piety under Makhleb
 11845 | D:8      | Found Laif's Antique Weapon Shop.
 11858 | D:8      | Found a staircase to the Lair.
 11902 | D:8      | Found a shimmering altar of Xom.
 11903 | D:8      | Found a shimmering altar of Xom.
 11903 | D:8      | Found a shimmering altar of Xom.
 11904 | D:8      | Found a shimmering altar of Xom.
 11904 | D:8      | Found a shimmering altar of Xom.
 11904 | D:8      | Found a shimmering altar of Xom.
 11906 | D:8      | Found a shimmering altar of Xom.
 11928 | D:8      | Found a shimmering altar of Xom.
 12082 | D:9      | Found a staircase to the Orcish Mines.
 12627 | D:9      | Noticed a cyclops
 12848 | D:9      | Killed a cyclops
 13181 | D:9      | Found a snail-covered altar of Cheibriados.
 13187 | D:9      | Reached ** piety under Makhleb
 13464 | D:9      | Found an opulent altar of Gozag.
 13547 | D:9      | Found a blossoming altar of Fedhas.
 13631 | D:10     | Entered Level 10 of the Dungeon
 13638 | D:10     | Found a sacrificial altar of Ru.
 14177 | D:10     | Found Ziud's Changing Room.
 14178 | D:10     | Noticed Urug
 14189 | D:10     | Killed Urug
 14197 | D:10     | Bought a potion of mutation for 112 gold pieces
 14197 | D:10     | Bought a potion of lignification for 42 gold pieces
 14541 | D:10     | Found a glowing golden altar of the Shining One.
 14542 | D:10     | Found a white marble altar of Elyvilon.
 14543 | D:10     | Found a glowing silver altar of Zin.
 14855 | D:11     | Noticed a boulder beetle
 14872 | D:11     | HP: 3/78 [boulder beetle (25)]
 14887 | D:11     | Killed a boulder beetle
 14888 | D:11     | Reached XP level 12. HP: 18/84 MP: 0/0
 16151 | D:12     | Reached skill level 10 in Spellcasting
 16298 | D:12     | Noticed a six-headed hydra
 16313 | D:12     | Reached *** piety under Makhleb
 16314 | D:12     | Reached skill level 1 in Long Blades
 16318 | D:12     | Killed a six-headed hydra
 16320 | D:12     | Reached skill level 5 in Invocations
 16527 | D:12     | Found a flagged portal.
 16537 | Bailey   | Entered a bailey
 16854 | Bailey   | Reached **** piety under Makhleb
 16880 | D:12     | HP: 2/85 [something (6)]
 17876 | Lair:1   | Entered Level 1 of the Lair of Beasts
 18630 | Lair:1   | You are sucked into a shaft and drop 1 floor!
 18704 | Lair:2   | Noticed a four-headed hydra
 19337 | Lair:2   | Reached XP level 13. HP: 38/92 MP: 0/0
 19337 | Lair:2   | Learned a level 5 spell: Fireball
 19751 | Lair:2   | Reached skill level 11 in Spellcasting
 20694 | Lair:3   | Reached skill level 10 in Armour
 20696 | Lair:3   | Reached skill level 5 in Dodging
 21485 | Lair:3   | Identified a scroll of acquirement
 21505 | Lair:3   | Reached ***** piety under Makhleb
 21925 | Lair:3   | Noticed Sonja
 21928 | Lair:3   | Killed Sonja
 22366 | Lair:4   | Reached skill level 12 in Spellcasting
 22907 | Lair:4   | Reached XP level 14. HP: 85/101 MP: 0/0
 23649 | Lair:4   | Found a staircase to the Snake Pit.
 24609 | Lair:4   | Found a staircase to the Swamp.
 24975 | Lair:4   | Acquired the +4 lajatang of the Saving Pariah {protect,
                  | Stlth+}
 24977 | Lair:4   | Acquired 1116 gold pieces
 25087 | Lair:5   | Reached skill level 13 in Spellcasting
 26223 | Lair:5   | Found a snail-covered altar of Cheibriados.
 27174 | Lair:6   | Entered Level 6 of the Lair of Beasts
 27281 | Lair:6   | HP: 2/102 [hell hound (4)]
 27319 | Lair:6   | Found a dark tunnel.
 27326 | Volcano  | Entered a volcano
 28148 | Volcano  | Reached XP level 15. HP: 46/107 MP: 0/0
 28148 | Volcano  | Learned a level 6 spell: Dispersal
 28461 | Volcano  | Reached skill level 1 in Evocations
 28916 | Volcano  | Reached ****** piety under Makhleb
 28917 | Volcano  | Reached skill level 1 in Staves
 29680 | Lair:6   | Identified the +3 leather armour of Pathos {-Tele rC++
                  | Str+7}
 30073 | Lair:6   | Reached skill level 10 in Fighting
 31335 | Lair:6   | Found a staircase to the Slime Pits.
 31340 | Lair:6   | Found a viscous altar of Jiyva.
 31621 | Orc:1    | Entered Level 1 of the Orcish Mines
 33019 | Orc:2    | Entered Level 2 of the Orcish Mines
 33634 | Orc:2    | Reached skill level 14 in Spellcasting
 34277 | Orc:2    | Found Gaocyheh's Magic Scroll Shoppe.
 34280 | Orc:2    | Found Imejoeri's Magic Scroll Emporium.
 34313 | Orc:2    | Bought a scroll of blinking for 112 gold pieces
 34313 | Orc:2    | Bought a scroll of silence for 112 gold pieces
 34313 | Orc:2    | Bought a scroll of fear for 52 gold pieces
 34313 | Orc:2    | Bought a scroll of enchant armour for 112 gold pieces
 34313 | Orc:2    | Bought a scroll of teleportation for 45 gold pieces
 34315 | Orc:2    | Bought a scroll of identify for 30 gold pieces
 34317 | Orc:2    | Bought a scroll of fear for 45 gold pieces
 34317 | Orc:2    | Bought a scroll of identify for 26 gold pieces
 34317 | Orc:2    | Bought a scroll of identify for 26 gold pieces
 34317 | Orc:2    | Bought a scroll of identify for 26 gold pieces
 34317 | Orc:2    | Bought a scroll of identify for 26 gold pieces
 34317 | Orc:2    | Bought a scroll of teleportation for 39 gold pieces
 34321 | Orc:2    | Acquired 779 gold pieces
 34985 | Orc:2    | Found a staircase to the Elven Halls.
 36060 | Orc:2    | Paralysed by an orc sorcerer for 5 turns
 36070 | Orc:2    | Reached XP level 16. HP: 52/114 MP: 0/0
 36491 | Orc:2    | Found Xaekkeug's Antique Armour Boutique.
 36491 | Orc:2    | Found Vulagape's Jewellery Shop.
 36577 | Orc:2    | Found a one-way gate leading to the halls of Pandemonium.
 36581 | Orc:2    | Bought an amulet of reflection for 390 gold pieces
 37198 | Elf:1    | Entered Level 1 of the Elven Halls
 37960 | Swamp:1  | Entered Level 1 of the Swamp
 38157 | Swamp:1  | Identified the +7 quarterstaff of Seygy {chaos, Stlth+}
 39835 | Swamp:2  | Reached skill level 10 in Invocations
 40040 | Swamp:2  | Identified the +9 spear of Ugiukipt {freeze, rF+ rCorr}
 40116 | Swamp:3  | Reached skill level 15 in Spellcasting
 40141 | Swamp:3  | Acquired 791 gold pieces
 40365 | Orc:2    | Bought a scroll of acquirement for 780 gold pieces
 40365 | Orc:2    | Bought a scroll of acquirement for 780 gold pieces
 40365 | Orc:2    | Bought a scroll of teleportation for 45 gold pieces
 40366 | Orc:2    | Acquired 675 gold pieces
 40368 | Orc:2    | Acquired 850 gold pieces
 40765 | Swamp:3  | Annihilated by a bunyip

Illustrated notes

Levels and vault maps discovered:
D:1:      dpeg_arrival_another_circle, layout_basic,
          shapermc_ecumenical_altar_rom_forum
D:2:      layout_basic
D:3:      layout_basic, lemuel_coloured_pillars_altar,
          nicolae_overflow_crystal_walls, gammafunk_ghost_split
D:4:      layout_loops_cross, minmay_misc_feat_nine_boxes,
          kennysheep_generic_room_12, uniq_robin, uniq_pikel
D:5:      layout_basic
D:6:      layout_basic, lemuel_tele_altar, minmay_temple_entry_proselytizer,
          gammafunk_ghost_icy, uniq_maggie
D:7:      layout_basic, lemuel_crystal_altar
D:8:      layout_cave_pools, xom_shifter_show, lair_entry_dummy, serial_shops,
          shop_statue, kennysheep_little_box
D:9:      layout_loops_ring, kennysheep_mini, cheibriados_altar_1,
          mainiacjoe_overflow_divided_tiny, orc_0_dummy
D:10:     layout_small_grid, good_gods_temple_1, nicolae_ru_awakened_eye,
          fountainhead, nicolae_transmutations_shop, uniq_urug
D:11:     layout_basic, lightli_minifort
D:12:     minmay_outward_triangles, layout_long_grid, enter_bailey_6,
          st_stairs_2, minmay_lindwurm_lava
Temple:   nicolae_temple_figure_zero
Lair:1:   layout_regular_city, grunt_forest_small_clearings, patterned_corridor,
          grunt_megastairs_4
Lair:2:   layout_loops_ring, st_stairs_13, serial_bayou_shore_a,
          grunt_megastairs_3, infiniplex_staircase_pool
Lair:3:   layout_cave_pods, hibernation_bobbens, infiniplex_staircase_pool_2,
          lemuel_fruit_tree, uniq_sonja
Lair:4:   layout_cave_pods, palyth_hydra_swamp_entry,
          minmay_snake_entry_guardpost_large
Lair:5:   layout_cave_pods, kennysheep_snail_temple
Lair:6:   minmay_lair_end_frog_pond, layout_cave_pods, slime_altar_1,
          enter_volcano_3, serial_bayou_shore_b
Swamp:1:  nicolae_swamp_tree_isthmus, layout_basic_swamp,
          evilmike_swamp_ruin_house_6
Swamp:2:  layout_falls_marsh, hangedman_swamp_ruin_wall, swamp_pool1
Swamp:3:  layout_falls_marsh, evilmike_swamp_ruin_house_1
Orc:1:    nicolae_orc_accident_2, layout_diamond_mine, minmay_orc_temple_a
Orc:2:    pf_orc_diabolical, layout_caves
Elf:1:    minmay_elf_arrival_circle, layout_gridlike, minmay_elf_necromancy,
          nicolae_elf_big_sculpture_1, minivault_16, guppyfry_library_mini,
          lemuel_upstairs_altar

Skill      XL: |  1  2  3  4  5  6  7  8  9 10 11 12 13 14 15 16 |
---------------+-------------------------------------------------+-----
Fighting       | 1 2 3 4 5 6 8 9 10 11 | 11.3
Spellcasting   | 3 4 5 6 7 9 10 12 13 14 15 | 15.0
Armour         | 1 2 3 4 6 8 9 10 11 12 13 | 13.0
Stealth        | 2 3 |  3.9
Short Blades   | 1 2 3 |  3.0
Dodging        | 3 4 5 6 |  6.2
Invocations    | 2 4 5 7 8 9 10 | 10.0
Long Blades    | 1 2 |  2.1
Evocations     | 1 |  1.7
Staves         | 2 |  2.1
Shields        | |  0.4

Action                   |  1- 3 |  4- 6 |  7- 9 | 10-12 | 13-15 | 16-18 || total
-------------------------+-------+-------+-------+-------+-------+-------++-------
Melee: Unarmed           |     1 |       |       |       |       |       ||     1
       Short sword       |     2 |       |       |       |       |       ||     2
       Dagger            |       |       |    23 |    34 |       |       ||    57
       Double sword      |       |       |       |    42 |     4 |       ||    46
       Lajatang          |       |       |       |       |   108 |       ||   108
 Cast: Foxfire           |    78 |    69 |    20 |    90 |    41 |       ||   298
       Scorch            |     1 |    47 |    53 |    31 |    18 |       ||   150
       Flame Wave        |       |     3 |    17 |    83 |    83 |    15 ||   201
       Frozen Ramparts   |       |       |    10 |    16 |     1 |       ||    27
       Metabolic Englaci |       |       |       |    21 |    84 |    19 ||   124
       Summon Ice Beast  |       |       |       |     6 |    24 |     5 ||    35
       Summon Small Mamm |       |       |       |     1 |       |       ||     1
       Fireball          |       |       |       |       |   317 |   115 ||   432
       Dispersal         |       |       |       |       |     5 |     7 ||    12
Invok: Minor Destruction |       |       |       |     1 |       |       ||     1
       Lesser Servant of |       |       |       |       |     2 |       ||     2
Evoke: Wand              |       |       |       |     6 |    10 |    10 ||    26
  Use: Scroll            |       |       |     5 |     7 |    23 |     5 ||    40
       Potion            |       |       |       |     5 |    12 |     1 ||    18
 Stab: Sleeping          |       |       |       |       |     1 |       ||     1
Armor: Robe              |     2 |     2 |     8 |       |       |       ||    12
       Scale mail        |       |       |       |    93 |   169 |     8 ||   270
Dodge: Dodged            |     9 |    14 |    55 |   135 |   161 |    24 ||   398
       Repelled          |       |       |       |     4 |     7 |     3 ||    14
Block: Other             |       |       |       |       |       |     1 ||     1

Table legend: (Time is in decaauts)
 A = Elapsed time spent in this place.
 B = Non-inter-level travel time spent in this place.
 C = Inter-level travel time spent in this place.
 D = Time resting spent in this place.
 E = Time spent auto-exploring this place.
 F = Levels seen in this place.
 G = Mean time per level.
                   A        B        C        D        E       F      G
               +--------+--------+--------+--------+--------+-----+--------+
         Total |  40848 |  38605 |   2243 |   7849 |  26524 |  27 | 1512.9 |
       Dungeon |  18116 |  17095 |   1021 |   2147 |  13318 |  12 | 1509.7 |
        Temple |    139 |    130 |      9 |      0 |    112 |   1 |  139.0 |
          Lair |  12374 |  11722 |    652 |   2490 |   7982 |   6 | 2062.3 |
         Swamp |   2193 |   1998 |    195 |    540 |   1204 |   3 |  731.0 |
  Orcish Mines |   5502 |   5138 |    364 |   2156 |   2266 |   2 | 2751.0 |
   Elven Halls |    258 |    258 |      0 |      0 |    232 |   1 |  258.0 |
        Bailey |    341 |    341 |      0 |      0 |    255 |   1 |  341.0 |
       Volcano |   1921 |   1921 |      0 |    516 |   1155 |   1 | 1921.0 |
               +--------+--------+--------+--------+--------+-----+--------+

Top non-repeatable levels by time:
   Orc:2: 3852 daAuts
  Lair:4: 3240 daAuts
  Lair:5: 2438 daAuts
     D:9: 2026 daAuts
     D:4: 1983 daAuts
     D:3: 1970 daAuts
  Lair:3: 1928 daAuts
 Volcano: 1921 daAuts
  Lair:2: 1915 daAuts
    D:11: 1855 daAuts
  Lair:6: 1782 daAuts
     D:8: 1673 daAuts
   Orc:1: 1649 daAuts
     D:5: 1528 daAuts
     D:7: 1341 daAuts
